woodfighter, chaotic female sylph Priestess -------- ----- |......+ ------ ##-...| |..*.>.| |....------- # |...| |......-########### |..........| ### |....# ----...| # #|..........| # |...|# - |...| ###|..........| ### |...|# . -.--- #-<.........| # |...|# ## ---+---|----### -----# # .. # # # # ### ### # # # # # # # #### # # # # #-----# ---.------ ### # #....|# |........| # # |.{.|# |.......u| -+-|------# |.%..# |.......@.#### ######.(........# ----- ---------- |........| ---------- woodfighter the Adept Experience level: 6 Strength: 12 Dexterity: 13 Constitution: 16 Intelligence: 19 Wisdom: 7 Charisma: 9 Health: 0(40) Energy: 73(73) Def: 3 Gold: 1030 Moves: 2777 Dungeon seed: uhQ6B6_DN-dnDP3e Game ID: woodfighter_1560026720 Your Inventory: Coins $ - 1030 gold pieces Amulets s - a cursed amulet of restful sleep Weapons a - a blessed +1 mace (weapon in hand) Armor e - a +0 robe (being worn) n - a +0 small shield (being worn) Comestibles d - a sprig of wolfsbane p - a eucalyptus leaf K - a tripe ration L - 2 tins of spinach O - a food ration Scrolls m - a scroll of destroy armor A - 2 scrolls of light C - 3 scrolls of scare monster E - 2 scrolls of teleportation G - a scroll of identify Potions b - 4 potions of holy water j - a potion of gain energy k - 4 potions of healing r - a potion of booze v - a potion of monster detection F - a potion of gain level Rings z - a cursed ring of polymorph Wands f - a wand of cancellation (0:1) D - a wand of cancellation (0:8) Tools y - a skeleton key Gems N - a topaz Y - 2 worthless pieces of yellow glass Spells and supernatural/magical abilities: Name Level Category Fail Memory h - healing 1 healing 0% 87% l - light 1 divination 0% 87% p - protection 1 clerical 0% 87% W - pray for help -- divine ? -- X - turn undead -- divine ? -- Your skills at the end: Miscellaneous Skills shield [Basic] wands [Basic] Weapon Skills mace [Skilled] Spellcasting Skills clerical spells [Basic] Final Attributes: You were piously aligned. You saw invisible. You had infravision. You were going to confuse monsters. You were very stealthy. You were protected from shape changers. You are dead. Vanquished creatures: a large mimic a small mimic a dog 2 shriekers 3 elf zombies a straw golem 5 giant ants a puppy a kobold lord an iguana a giant bat 2 coyotes a hobbit a large kobold 3 geckos a yellow mold a green mold a red mold a gnome zombie a jackal a kobold 2 newts a goblin 8 grid bugs a bat 3 lichens 4 kobold zombies 50 creatures vanquished. Voluntary challenges: You followed a strict vegan diet. You did not adorn yourself with jewelry or accessories. You did not cause conflict. You were not invisible. You did not have reflection. You were not displaced. You used a wielded weapon 90 times, starting on turn 1. You did not apply a unicorn horn. You did not use plumbed fixtures. You did not drink any magical draughts. You read items or engraved 1 time, starting on turn 2777. You never genocided any monsters. You never polymorphed an object. You never changed form. You used no wishes. You never split a pudding. You never wrote Elbereth's name. You never violated your personal moral code. Dungeon overview: The Dungeons of Doom: levels 1 to 8 Level 1 some fountains a long staircase Level 2 (water) a general store, a fountain, a sink stairs to The Gnomish Mines Level 3 a fountain Level 4 (water) a fountain Level 5 a fountain Level 6 an altar to Mog, a fountain Level 7 (stash) <- You were here a fountain Level 8 The Gnomish Mines: Level 3 stairs to The Dungeons of Doom History has recorded: On T:1 you entered the Dungeons of Doom to retrieve the Amulet of Yendor! On T:245 you reached level 2 of The Dungeons of Doom. On T:371 you reached level 3 of The Dungeons of Doom. On T:405 you reached level 1 of The Gnomish Mines. On T:557 you advanced to experience level 2. On T:634 you advanced to experience level 3. On T:644 you advanced to experience level 4. On T:888 you reached level 4 of The Dungeons of Doom. On T:1272 you advanced to experience level 5. On T:1314 you reached level 5 of The Dungeons of Doom. On T:1356 you prayed to Kos. On T:1891 you reached level 6 of The Dungeons of Doom. On T:2172 you reached level 7 of The Dungeons of Doom. On T:2417 you prayed to Kos. On T:2730 you reached level 8 of The Dungeons of Doom. On T:2754 you advanced to experience level 6. Score breakdown: Gold: 1030 ( 103 points) Experience: 6 levels ( 500 points) Exploration: 8 levels ( 210 points) Discoveries: 17 items ( 850 points) Variety of kills: 27 monsters ( 1350 points) Major goal: (nothing yet) ( 0 points) Survival: died (score multiplied by 3) Total score: 9039 Latest messages: You named this level: stash. $ - 145 gold pieces. You see here 9 rocks. You stop exploring. The kobold zombie scratches you! You destroy the kobold zombie! You stop exploring. (2x) The iguana bites! You hit the iguana! You hit the iguana. The iguana bites! You kill the iguana! Welcome to experience level 6. You stop exploring. The white unicorn butts! The white unicorn kicks! The white unicorn butts! The white unicorn kicks! The white unicorn butts! The white unicorn kicks! The white unicorn butts! The white unicorn kicks! As you read the scroll, it disappears. Your hands begin to glow red. The white unicorn butts! You die... Final status: Goodbye woodfighter the Priestess, killed by a white unicorn... You died in The Dungeons of Doom on dungeon level 7 with 9039 points, and 1030 pieces of gold, after 2777 moves. You were level 6 with a maximum of 40 hit points when you died.